 Dungeon Crawl Stone Soup version 0.15.0-12-gccce430 (webtiles) character file.

234755 Nebuchadnezzar the Bludgeoner (level 18, -1/175 HPs)
             Began as a Demonspawn Berserker on Sept 1, 2014.
             Was the Champion of Trog.
             Slain by a deep troll earth mage (2 damage)
             ... on Level 1 of the Depths on Sept 2, 2014.
             The game lasted 03:07:02 (43714 turns).

Nebuchadnezzar the Bludgeoner (DsBe)               Turns: 43714, Time: 03:07:03

HP  -1/175       AC 32     Str 26      XL: 18   Next: 45%
MP   0/18        EV 13     Int 10      God: Trog [******]
Gold 1072        SH  3     Dex 25      Spells:  0 memorised, 17 levels left

rFire  + . .     SeeInvis .     y - +3 longbow (flame)
rCold  . . .     Clarity  .     z - +4 plate armour {rF+}
rNeg   + . .     rCorr    .     (no shield)
rPois  .         rRot     .     d - +1 helmet
rElec  +         Spirit   +     k - +0 cloak
SustAb .         Warding  +     V - +2 pair of gloves {Dex+3}
rMut   .         Stasis   .     (boots unavailable)
Gourm  .                        B - macabre finger necklace {Ward rN+}
MR     ++...                    s - ring of Midwinter {Stlth+ Regen}
                                t - ring "Ivyr" {Str+6 Slay+5}
                                K - ring "Venoyck" {rElec MR+ Stlth-}

@: agile, hasted and slowed, very resistant to hostile enchantments, extremely
unstealthy
A: talons 3, large bone plates 2, powered by pain 1, robust 2, wild magic 1,
magic shield, magic regeneration
a: Burn Spellbooks, Berserk, Trog's Hand, Brothers in Arms, Renounce Religion
}: 2/15 runes: decaying, serpentine


You were on level 1 of the Depths.
You worshipped Trog.
Trog was exalted by your worship.
You were not hungry.

You visited 6 branches of the dungeon, and saw 38 of its levels.
You also visited: Labyrinth and Ice Cave.

You collected 3465 gold pieces.
You spent 2393 gold pieces at shops.

Inventory:

Hand weapons
 o - a +1 eveningstar of venom
 y - a +3 longbow of flaming (weapon)
 A - a +4 morningstar of freezing
 D - a +6 antimagic great mace
Missiles
 m - 81 arrows of frost
 w - 369 arrows (quivered)
 T - 45 arrows of dispersal
Armour
 d - a +1 helmet (worn)
 k - a +0 cloak (worn)
 z - a +4 plate armour of fire resistance (worn)
 V - a +2 pair of gloves of dexterity (worn)
Magical devices
 e - a wand of disintegration (5)
 r - a wand of hasting (4)
 C - a wand of disintegration (21)
 J - a wand of lightning (2)
 N - a wand of fireball (4)
 S - a wand of cold (6)
Comestibles
 c - 13 bread rations
 H - a meat ration
Scrolls
 a - 2 scrolls of recharging
 f - 3 scrolls of enchant armour
 g - 10 scrolls of remove curse
 i - a scroll of fear
 j - 19 scrolls of teleportation
 u - a scroll of magic mapping
 G - 4 scrolls of identify
Jewellery
 b - an uncursed ring of flight
 h - an uncursed ring of poison resistance
 l - an uncursed ring of magical power
 n - an uncursed ring of ice
 p - an uncursed ring of fire
 q - an uncursed ring of see invisible
 s - the ring of Midwinter (right hand) {Stlth+ Regen}
   (You found it on level 11 of the Dungeon)

   [ring of regeneration]

   It increases your rate of regeneration.
   It makes you more stealthy.
 t - the ring "Ivyr" (left hand) {Str+6 Slay+5}
   (You bought it in a shop on level 11 of the Dungeon)

   [ring of strength]

   It affects your strength (+6).
   It affects your accuracy and damage with ranged weapons and melee attacks
   (+5).
 B - the macabre finger necklace (around neck) {Ward rN+}
   (You found it on level 2 of the Snake Pit)

   [amulet of warding]

   It may prevent the melee attacks of summoned creatures.
   It protects you from negative energy.
 F - an uncursed amulet of resist corrosion
 K - the ring "Venoyck" (on amulet) {rElec MR+ Stlth-}
   (You found it in a labyrinth)

   [ring of loudness]

   It insulates you from electricity.
   It affects your resistance to hostile enchantments.
   It makes you less stealthy.
 L - an uncursed amulet of resist mutation
 M - an uncursed ring of protection from magic
Potions
 v - 6 potions of restore abilities
 x - 2 potions of resistance
 E - 3 potions of curing
 I - 7 potions of heal wounds
 Q - a potion of cure mutation
 W - a potion of haste
 Z - 8 potions of cancellation


   Skills:
 - Level 14.0 Fighting
 - Level 17.0 Maces & Flails
   Level 0.5 Slings
 - Level 15.0 Bows
 * Level 16.5 Armour
 - Level 1.7 Dodging
   Level 0.1 Shields


You had 17 spell levels left.
You didn't know any spells.

Dungeon Overview and Level Annotations

Branches:
Dungeon (15/15)            Temple (0/1) D:7             Orc (4/4) D:12
    Elf (0/3) Orc:4          Lair (8/8) D:10          Swamp (5/5) Lair:3
  Snake (5/5) Lair:5        Slime (0/6) Lair:6       Depths (1/5) D:15
 Vaults: D:13-14

Altars:
Ashenzari
Cheibriados
Fedhas
Kikubaaqudgha
Qazlal
Trog
Yredelemnul
The Shining One
Beogh
Jiyva

Shops:
D:4 =   D:6 *   D:10 ?}   D:11 =   Orc:1 [   Orc:2 (:   Orc:4 ((?!(   Snake:4 (

Annotations:
D:14 Frances
Lair:5 exclusion: oklob plant


Innate Abilities, Weirdness & Mutations

You have claws for feet.
You are mostly covered in large bone plates (AC +3, SH +3).
You sometimes gain a little power by taking damage.
You are very robust (+20% HP).
When hurt, damage is shared between your health and your magic reserves.
You regenerate magic rapidly.
Your spells are a little harder to cast, but a little more powerful.


Message History

You focus on the pain.
You feel agile all of a sudden.
The deep troll earth mage claws you but does no damage.
The deep troll earth mage barely misses you.
Your stone giant hits the deep troll earth mage but does no damage.
Drink which item? (? for menu, Esc to quit)
You feel yourself speed up.
Your stone giant is no longer moving slowly.
The deep troll earth mage bites you!!
* * * LOW HITPOINT WARNING * * *
You focus on the pain.
You feel your power returning. The deep troll earth mage claws you!
* * * LOW HITPOINT WARNING * * *
The deep troll earth mage claws you!!
* * * LOW HITPOINT WARNING * * *
You focus on the pain.
You feel your power returning. The ettin closely misses you.
The ettin hits you with a dire flail!
* * * LOW HITPOINT WARNING * * *
The deep troll earth mage bites you.
You die...

#..........§..≈§§.#.≈........
#..#.#.#..§≈.§≈≈§.#.≈≈.......
#.#...###.§≈§§§§....§.§......
#.##...##.§.§.§≈≈...≈≈.......
##..#..............§..........
#.............≈...§...........
##.........##.§≈≈§≈.... ...
#.###....#....≈§≈.... ###
#....#.C@.§§≈....!
#...##TTCTT≈§§§.≈.
#####...T.≈§.§§...
##......RC.§.#.
#.......wT.#.... ##.#.......#
. ...##......#...
.######..........
#.............


You could see a stone giant, an ettin, a rakshasa, a torpor snail, 4 deep
trolls, a deep troll earth mage, a deep troll shaman and a friendly stone giant
(berserk).

Vanquished Creatures
  A tentacled monstrosity (Swamp:4)
  6 greater nagas (Snake:5)
  A frost giant (Depths:1)
  Donald (Swamp:2)
  Aizul (Snake:1)
  2 very ugly things (Depths:1)
  A minotaur (Lab)
  An ettin (D:15)
  Fannar (Orc:3)
  13 hydras
  3 alligators
  An ice dragon (Depths:1)
  22 naga warriors
  18 death yaks
  2 centaur warriors
  A tengu warrior (D:15)
  8 anacondas
  23 naga sharpshooters
  11 shock serpents
  4 catoblepae
  An ice devil (IceCv)
  2 skeletal warriors (D:15)
  An unseen horror (D:13)
  8 swamp dragons (Swamp:5)
  10 salamander mystics
  2 spriggan druids (Swamp:5)
  A deep troll (Depths:1)
  2 ice statues (IceCv)
  15 mana vipers
  13 naga ritualists
  4 lindwurms (Snake:5)
  A necromancer (D:15)
  9 orc knights (Orc:4)
  A phantasmal warrior (D:15)
  5 hill giants
  A stone giant zombie (D:15)
  15 salamanders
  8 cyclopes
  An orc sorcerer (Orc:4)
  A wizard (Depths:1)
  A red wasp (Swamp:2)
  9 guardian serpents
  4 griffons
  4 ugly things
  8 elephants
  Joseph (Orc:4)
  A gargoyle (D:13)
  11 spiny frogs
  25 naga magi
  2 torpor snails
  39 black mambas
  An item mimic (D:15)
  A fire drake (Lair:7)
  9 blue devils (IceCv)
  9 komodo dragons
  2 trolls
  A death yak skeleton (D:15)
  A fire drake (shapeshifter) (Depths:1)
  A tengu conjurer (D:13)
  Sonja (D:14)
  4 polar bears
  A two-headed ogre (D:9)
  A giant leech (Swamp:2)
  3 baby alligators (Swamp:3)
  A bog body (Swamp:5)
  A trapdoor spider zombie (D:13)
  11 ravens
  16 blink frogs
  3 slime creatures (D:13)
  3 spriggans
  A trapdoor spider (D:12)
  An ugly thing skeleton (D:15)
  A shadow (D:11)
  48 yaks
  3 wyverns
  13 hippogriffs
  Grum (Orc:3)
  65 nagas
  3 hungry ghosts
  A steam dragon (D:11)
  13 wolves
  A tengu zombie (D:11)
  11 vampire mosquitoes
  6 wargs
  9 swamp worms
  Menkaure (D:4)
  31 water moccasins
  A yellow wasp (D:13)
  12 ogres
  A necrophage (D:11)
  9 swamp drakes
  19 porcupines
  37 orc warriors
  3 black bears
  7 sky beasts
  4 phantoms
  7 ice beasts
  A manticore skeleton (D:15)
  4 centaurs
  23 crocodiles
  A yaktaur zombie (D:15)
  29 giant frogs
  A big kobold (D:11)
  A cyclops skeleton (D:12)
  4 insubstantial wisps (Swamp:5)
  A scorpion (Lair:1)
  4 wights (D:12)
  A yak skeleton (D:10)
  2 electric eels
  10 killer bees
  A giant frog zombie (D:6)
  3 goliath beetles (D:7)
  13 hounds
  2 quasits
  13 crimson imps
  2 jellies
  Crazy Yiuf (D:3)
  15 orc priests
  A gnoll shaman (D:7)
  23 orc wizards
  14 iguanas
  6 worker ants
  A cyclops simulacrum (D:14)
  39 sheep
  Ijyb (D:4)
  A big kobold skeleton (D:10)
  9 gnolls
  A worker ant zombie (D:9)
  27 adders
  67 green rats
  4 orc zombies
  4 shadow imps
  2 giant mites
  6 white imps (IceCv)
  4 worms
  9 ufetubi (IceCv)
  An adder skeleton (D:8)
  An adder zombie (D:9)
  7 giant geckos
  2 oozes
  166 orcs
  A ball python (D:2)
  3 giant cockroaches
  27 goblins
  17 hobgoblins
  10 jackals
  25 kobolds
  19 bats
  6 giant newts
  2 giant spores
  A jackal skeleton (D:7)
  A kobold zombie (D:5)
  An orc skeleton (D:7)
  13 quokkas
  A quokka skeleton (D:8)
  12 rats
  A rat skeleton (D:8)
  6 ballistomycetes
  A butterfly (Lair:4)
  A fungus (D:3)
  2 plants
1384 creatures vanquished.

Vanquished Creatures (collateral kills)
  Saint Roka (Orc:3)
  Vashnia (Snake:3)
  3 hydras (Swamp:5)
  7 anacondas (Snake:5)
  A shambling mangrove (Swamp:5)
  A shock serpent (Snake:5)
  A catoblepas (Lair:2)
  2 black mambas
  2 guardian serpents (Snake:5)
  A spiny frog (Swamp:5)
  A komodo dragon (Lair:1)
  A raven (Swamp:5)
  A warg (Orc:3)
  An ogre (Orc:3)
  An adder (Lair:1)
25 creatures vanquished.

Vanquished Creatures (others)
  2 stone giants (Snake:5)
  A black mamba (Snake:5)
  A troll (Lair:8)
  2 ufetubi (IceCv)
  A giant spore (D:10)
  3 fungi
  4 plants
14 creatures vanquished.

Grand Total: 1423 creatures vanquished

Notes
Turn   | Place    | Note
--------------------------------------------------------------
     0 | D:1      | Nebuchadnezzar, the Demonspawn Berserker, began the quest for the Orb.
     0 | D:1      | Reached XP level 1. HP: 18/18 MP: 1/1
   148 | D:1      | Gained mutation: You have sharp toenails. [demonic ancestry]
   148 | D:1      | Reached XP level 2. HP: 21/24 MP: 2/2
   898 | D:1      | Acquired Trog's second power
  1163 | D:1      | Gained mutation: When hurt, damage is shared between your health and your magic reserves. [demonic ancestry]
  1163 | D:1      | Reached XP level 3. HP: 29/29 MP: 3/3
  1404 | D:2      | Found an ancient bone altar of Kikubaaqudgha.
  1701 | D:2      | Reached skill level 4 in Maces & Flails
  2144 | D:2      | Gained mutation: Your spells are a little harder to cast, but a little more powerful. [potion of beneficial mutation]
  2175 | D:3      | Reached XP level 4. HP: 25/35 MP: 2/4
  2828 | D:3      | Reached skill level 5 in Maces & Flails
  3436 | D:3      | Noticed Crazy Yiuf
  3447 | D:3      | Killed Crazy Yiuf
  3447 | D:3      | Reached XP level 5. HP: 41/41 MP: 5/5
  3587 | D:4      | Noticed an ogre
  3599 | D:4      | Killed an ogre
  3599 | D:4      | Reached skill level 6 in Maces & Flails
  3599 | D:4      | Reached XP level 6. HP: 47/47 MP: 6/6
  3703 | D:4      | Noticed Ijyb
  3828 | D:4      | Killed Ijyb
  3830 | D:4      | Acquired Trog's third power
  3840 | D:4      | Noticed Menkaure
  3849 | D:4      | Killed Menkaure
  3849 | D:4      | Reached skill level 7 in Maces & Flails
  3930 | D:4      | Found Aceuczut's Jewellery Shoppe.
  3975 | D:4      | Gained mutation: You are partially covered in large bone plates (AC +2, SH +2). [demonic ancestry]
  3975 | D:4      | Reached XP level 7. HP: 34/52 MP: 7/7
  4105 | D:4      | Found a bloodstained altar of Trog.
  4559 | D:5      | Entered Level 5 of the Dungeon
  4559 | D:5      | Found a basalt altar of Yredelemnul.
  4917 | D:5      | Reached skill level 8 in Maces & Flails
  4935 | D:5      | Found a shattered altar of Ashenzari.
  5366 | D:5      | Reached skill level 9 in Maces & Flails
  5366 | D:5      | Gained mutation: You have razor-sharp toenails. [demonic ancestry]
  5366 | D:5      | Reached XP level 8. HP: 30/58 MP: 8/8
  6298 | D:6      | Reached skill level 10 in Maces & Flails
  6412 | D:6      | Found Shukok's Assorted Antiques.
  6421 | D:6      | Bought a scroll labeled OSATEGU CUERE for 21 gold pieces
  6421 | D:6      | Bought a scroll labeled WAMPI WUPHIAB for 21 gold pieces
  6943 | D:7      | Received a gift from Trog
  7130 | D:7      | Gained mutation: You are mostly covered in large bone plates (AC +3, SH +3). [demonic ancestry]
  7130 | D:7      | Reached XP level 9. HP: 58/63 MP: 9/9
  7140 | D:7      | Found a staircase to the Ecumenical Temple.
  7312 | D:7      | Reached skill level 1 in Bows
  8113 | D:7      | Reached skill level 5 in Armour
  8884 | D:8      | Found a blossoming altar of Fedhas.
  8888 | D:8      | Found a stormy altar of Qazlal.
  8912 | D:8      | Found a snail-covered altar of Cheibriados.
  9706 | D:9      | Gained mutation: You regenerate magic rapidly. [demonic ancestry]
  9706 | D:9      | Reached XP level 10. HP: 60/70 MP: 10/10
  9750 | D:9      | Found a glowing golden altar of the Shining One.
 10086 | D:10     | Entered Level 10 of the Dungeon
 10129 | D:10     | Got a transparent ring mail
 10140 | D:10     | Identified the +0 ring mail of Nihilism {rN+} (You found it on level 10 of the Dungeon)
 10368 | D:10     | Found Ohyngam's Gadget Shop.
 10512 | D:10     | Found a staircase to the Lair.
 10557 | D:10     | Received a gift from Trog
 10729 | D:10     | Found Gaefopsu's Magic Scroll Shoppe.
 11256 | Lair:1   | Entered Level 1 of the Lair of Beasts
 11269 | Lair:1   | Reached skill level 10 in Armour
 12015 | Lair:1   | Reached XP level 11. HP: 42/78 MP: 7/11
 12326 | Lair:1   | Reached skill level 5 in Fighting
 12867 | Lair:1   | Received a gift from Trog
 13223 | Lair:2   | Noticed a four-headed hydra
 13229 | Lair:2   | Killed a four-headed hydra
 13767 | Lair:2   | Noticed a catoblepas
 13895 | Lair:2   | Killed a catoblepas
 14316 | Lair:2   | Received a gift from Trog
 14342 | Lair:1   | Reached skill level 10 in Fighting
 15152 | Lair:3   | Noticed a death yak
 15152 | Lair:3   | Noticed a death yak
 15153 | Lair:3   | Noticed a death yak
 15187 | Lair:3   | Killed a death yak
 15187 | Lair:3   | Reached skill level 11 in Maces & Flails
 15191 | Lair:3   | Killed a death yak
 15191 | Lair:3   | Gained mutation: You are robust (+10% HP). [demonic ancestry]
 15191 | Lair:3   | Reached XP level 12. HP: 91/107 MP: 4/12
 15421 | Lair:3   | Noticed a death yak
 15432 | Lair:3   | Noticed a death yak
 15440 | Lair:3   | Killed a death yak
 15450 | Lair:3   | Killed a death yak
 15456 | Lair:3   | Killed a death yak
 15603 | Lair:3   | Reached skill level 12 in Maces & Flails
 16283 | Lair:3   | Found a staircase to the Swamp.
 16585 | Lair:3   | Noticed a seven-headed hydra
 16600 | Lair:3   | Killed a seven-headed hydra
 16600 | Lair:3   | Reached skill level 13 in Maces & Flails
 16890 | Lair:3   | Received a gift from Trog
 17191 | Lair:4   | Noticed a four-headed hydra
 17199 | Lair:4   | Killed a four-headed hydra
 17216 | Lair:4   | Found an ancient bone altar of Kikubaaqudgha.
 17297 | Lair:4   | Reached skill level 14 in Maces & Flails
 17623 | Lair:4   | Gained mutation: You sometimes gain a little power by taking damage. [demonic ancestry]
 17623 | Lair:4   | Reached XP level 13. HP: 90/114 MP: 13/13
 17878 | Lair:4   | Received a gift from Trog
 18446 | Lair:5   | Found a frozen archway.
 18477 | IceCv    | Entered an ice cave
 18817 | IceCv    | Reached skill level 15 in Maces & Flails
 19374 | IceCv    | Got a shimmering ice dragon armour
 19385 | IceCv    | Identified the +6 ice dragon armour of the Blessed Realm {rF- rC++ Str+3 Stlth+} (You found it in an ice cave)
 19885 | Lair:5   | Found a staircase to the Snake Pit.
 20485 | Lair:6   | Received a gift from Trog
 20819 | Lair:6   | Found a viscous altar of Jiyva.
 20821 | Lair:6   | Found a staircase to the Slime Pits.
 21023 | Lair:6   | Received a gift from Trog
 21270 | Lair:7   | Reached skill level 16 in Maces & Flails
 22268 | Lair:8   | Entered Level 8 of the Lair of Beasts
 22445 | Lair:8   | Identified a scroll of acquirement
 22446 | Lair:8   | Got a pair of twisted boots
 22457 | Lair:8   | Identified the +1 pair of boots "Foyn" {Dex+2 Int+2} (You acquired it on level 8 of the Lair of Beasts)
 22486 | Lair:8   | Received a gift from Trog
 22948 | Lair:8   | Reached XP level 14. HP: 100/122 MP: 14/14
 23136 | Lair:8   | Reached skill level 17 in Maces & Flails
 23564 | Lair:8   | Received a gift from Trog
 23564 | Lair:8   | Reached skill level 5 in Bows
 23746 | Lair:8   | Got a faintly humming chain mail
 23747 | Lair:8   | Identified the cursed +0 chain mail "Fitiol" {rC+ Int+4} (You found it on level 8 of the Lair of Beasts)
 23749 | Lair:8   | Identified a +3 rod of shadows (12/12) (You found it on level 8 of the Lair of Beasts)
 24276 | D:11     | Got an ichor-stained glaive
 24364 | D:11     | Got a twitching amber ring
 24366 | D:11     | Identified the ring of Midwinter {Stlth+ Regen} (You found it on level 11 of the Dungeon)
 24555 | D:11     | Found Dupudop's Jewellery Emporium.
 24577 | D:11     | Bought the ring "Ivyr" {Str+6 Slay+5} for 1124 gold pieces
 24932 | D:12     | Found a labyrinth entrance.
 24995 | Lab      | Entered a labyrinth
 25189 | Lab      | Got a pitted iron ring
 25190 | Lab      | Got a jewelled leather armour
 25194 | Lab      | Received a gift from Trog
 25203 | Lab      | Identified the +11 glaive of Righteous Fury {chop, +Rage rF+ rC++} (You found it on level 11 of the Dungeon)
 25226 | Lab      | Identified the cursed -4 leather armour "Xuperph Nuire" {Dex+3 Int+2} (You found it in a labyrinth)
 25245 | Lab      | Identified the ring "Venoyck" {rElec MR+ Stlth-} (You found it in a labyrinth)
 25411 | D:12     | Found a staircase to the Orcish Mines.
 26482 | D:13     | Received a gift from Trog
 27343 | D:15     | Entered Level 15 of the Dungeon
 27412 | D:14     | Received a gift from Trog
 27511 | D:14     | Reached skill level 10 in Bows
 27541 | D:14     | Got a smelly steam dragon armour
 27552 | D:14     | Identified the +0 steam dragon armour "Voebin" {+Fly Str+1} (You found it on level 14 of the Dungeon)
 27595 | D:14     | Noticed Sonja
 27597 | D:14     | Killed Sonja
 27780 | D:14     | Noticed Frances
 28010 | Orc:1    | Entered Level 1 of the Orcish Mines
 28167 | Orc:1    | Received a gift from Trog
 28348 | Orc:2    | Found Ghin's Weapon Emporium.
 28699 | Orc:3    | Noticed Grum
 28709 | Orc:3    | Killed Grum
 29035 | Orc:4    | Entered Level 4 of the Orcish Mines
 29035 | Orc:4    | Found a staircase to the Elven Halls.
 29035 | Orc:4    | Noticed Saint Roka
 29164 | Orc:3    | Found a bloodstained altar of Trog.
 29165 | Orc:3    | Noticed Fannar
 29182 | Orc:3    | Killed Fannar
 29182 | Orc:3    | Received a gift from Trog
 29182 | Orc:3    | Gained mutation: You have claws for feet. [demonic ancestry]
 29182 | Orc:3    | Reached XP level 15. HP: 117/128 MP: 13/15
 29320 | Orc:2    | Found Plekluiwn's Book Shop.
 29556 | Orc:1    | Found Xuraax's Antique Armour Emporium.
 29566 | Orc:1    | Bought a glowing plate armour for 713 gold pieces
 29668 | Orc:4    | Found Nemo's Magic Scroll Boutique.
 29730 | Orc:3    | HP: 1/129 [Saint Roka/divine providence (7)]
 29731 | Orc:3    | Killed Saint Roka
 29924 | Orc:3    | Received a gift from Trog
 30231 | Orc:4    | Noticed Joseph
 30240 | Orc:4    | Killed Joseph
 30459 | Orc:4    | Found Quufimas' Antique Weapon Shop.
 30531 | Orc:4    | Found Owitiaps' Distillery.
 30550 | Orc:4    | Received a gift from Trog
 30649 | Orc:4    | Found a roughly hewn altar of Beogh.
 30743 | Orc:4    | Found Shean's Antique Weapon Shop.
 30743 | Orc:4    | Found Phywaerr's Antique Weapon Emporium.
 30802 | Orc:4    | Bought a warped morningstar for 234 gold pieces
 30803 | Orc:4    | Identified the +7 morningstar "Fyfilam" {holy, Str+2} (You bought it in a shop on level 4 of the Orcish Mines)
 30866 | Orc:4    | Received a gift from Trog
 31263 | D:11     | Received a gift from Trog
 31423 | Snake:1  | Entered Level 1 of the Snake Pit
 31738 | Snake:1  | Received a gift from Trog
 32230 | Snake:1  | Noticed Aizul
 32244 | Snake:1  | Killed Aizul
 33028 | Orc:4    | Bought a scroll of brand weapon for 280 gold pieces
 33628 | Snake:2  | Received a gift from Trog
 33854 | Snake:2  | Found a glowing golden altar of the Shining One.
 34361 | Snake:2  | Reached XP level 16. HP: 110/146 MP: 5/16
 34581 | Snake:3  | Received a gift from Trog
 34603 | Snake:3  | Noticed Vashnia
 34625 | Snake:3  | Killed Vashnia
 34956 | Snake:3  | Received a gift from Trog
 35911 | Snake:3  | Received a gift from Trog
 36365 | Snake:3  | Received a gift from Trog
 36799 | Snake:4  | Received a gift from Trog
 37046 | Snake:4  | Received a gift from Trog
 37126 | Snake:4  | Reached skill level 15 in Armour
 37197 | Snake:4  | Received a gift from Trog
 37245 | Snake:4  | Found Chus' Weapon Shoppe.
 37469 | Snake:5  | Entered Level 5 of the Snake Pit
 37760 | Snake:5  | Received a gift from Trog
 37954 | Snake:5  | Received a gift from Trog
 38380 | Snake:5  | Gained mutation: You are very robust (+20% HP). [demonic ancestry]
 38380 | Snake:5  | Reached XP level 17. HP: 146/166 MP: 17/17
 39092 | Snake:5  | Received a gift from Trog
 39841 | Snake:5  | Received a gift from Trog
 40006 | Snake:5  | Received a gift from Trog
 40509 | Snake:5  | Got a serpentine rune of Zot
 41132 | Swamp:1  | Entered Level 1 of the Swamp
 41270 | Swamp:2  | Noticed Donald
 41287 | Swamp:2  | Killed Donald
 41561 | Swamp:3  | Received a gift from Trog
 41587 | Swamp:4  | Noticed a tentacled monstrosity
 41599 | Swamp:4  | Killed a tentacled monstrosity
 41765 | Swamp:5  | Entered Level 5 of the Swamp
 41804 | Swamp:5  | Reached XP level 18. HP: 175/175 MP: 18/18
 41970 | Swamp:5  | Got a decaying rune of Zot
 42052 | Swamp:5  | Received a gift from Trog
 42689 | D:15     | Received a gift from Trog
 42745 | D:15     | Found a staircase to the Depths.
 42797 | D:15     | Reached skill level 15 in Bows
 43300 | Depths:1 | Entered Level 1 of the Depths
 43714 | Depths:1 | HP: 3/175 [deep troll earth mage (12)]
 43714 | Depths:1 | HP: 1/175 [ettin/dire flail[a torpor snail] (2)]
 43714 | Depths:1 | Slain by a deep troll earth mage

Action                   |  1- 3 |  4- 6 |  7- 9 | 10-12 | 13-15 | 16-18 || total
-------------------------+-------+-------+-------+-------+-------+-------++-------
Melee: Mace              |   183 |    89 |       |       |       |       ||   272
       Flail             |       |    88 |   678 |   506 |       |       ||  1272
       Morningstar       |       |       |       |   549 |  1577 |    67 ||  2193
       Great mace        |       |       |       |    18 |   130 |   415 ||   563
       Demon whip        |       |       |       |       |     1 |     3 ||     4
       Eveningstar       |       |       |       |       |       |   188 ||   188
 Fire: Hunting sling     |       |       |     4 |       |       |       ||     4
       Longbow           |       |       |    21 |     7 |   103 |   483 ||   614
Invok: Berserk           |       |     3 |     4 |    10 |     5 |     3 ||    25
       Burn Spellbooks   |       |       |     2 |     1 |     5 |     2 ||    10
       Brothers in Arms  |       |       |       |     2 |     2 |     5 ||     9
Evoke: Wand              |       |       |     4 |     4 |    11 |     2 ||    21
  Use: Scroll            |     8 |     2 |    15 |    10 |    15 |     6 ||    56
       Potion            |     1 |     1 |       |       |       |     3 ||     5
 Stab: Sleeping          |     2 |       |       |       |     5 |       ||     7
       Distracted        |     1 |       |       |       |     1 |       ||     2
       Confused          |       |       |       |       |       |     1 ||     1
  Eat: Chunk             |     4 |     8 |    14 |    27 |    10 |    16 ||    79
       Beef jerky        |       |     1 |     2 |       |     1 |     1 ||     5
       Pizza             |       |       |     1 |       |       |     1 ||     2
       Meat ration       |       |       |     1 |     2 |     7 |     3 ||    13
       Fruit             |       |       |     1 |       |    19 |     4 ||    24
       Bread ration      |       |       |       |       |     1 |     2 ||     3
